 Dungeon Crawl Stone Soup version 0.28-a0-1174-g766a6a42ef (webtiles) character file.

Game seed: 7769363426222292453

32873 septik the Slayer (level 13, -6/143 HPs)
             Began as a Minotaur Berserker on Dec 16, 2021.
             Was a High Priest of Trog.
             Killed from afar by a manticore (10 damage)
             ... with a volley of spikes
             ... on level 14 of the Dungeon.
             The game lasted 00:26:15 (16985 turns).

septik the Slayer (Minotaur Berserker)             Turns: 16985, Time: 00:26:16

Health: -6/143     AC: 11    Str: 31    XL:     13   Next: 33%
Magic:  12/12      EV: 15    Int:  4    God:    Trog [*****.]
Gold:   251        SH:  0    Dex: 10    Spells: 12/12 levels left

rFire   . . .      SeeInvis +   E - +3 hand axe of Valour {flame, Str+4 SInv Stlth-}
rCold   . . .      Faith    .   (no shield)
rNeg    . . .      Spirit   .   c - +1 acid dragon scales
rPois   .          Reflect  .   (helmet restricted)
rElec   .          Harm     .   J - scarf {shadows}
rCorr   +          Rampage  .   (no gloves)
Will    .....                   R - +2 pair of boots
Stlth   ..........              I - amulet of regeneration
HPRegen 1.13/turn               f - ring of resist corrosion
MPRegen 0.13/turn               D - +4 ring of evasion

@: spiked, on berserk cooldown, slowed, very slow
A: horns 2, retaliatory headbutt
a: Renounce Religion, Berserk, Trog's Hand, Brothers in Arms


You were on level 14 of the Dungeon.
You worshipped Trog.
Trog was extremely pleased with you.
You visited 1 branch of the dungeon, and saw 14 of its levels.

You collected 811 gold pieces.
You spent 560 gold pieces at shops.

Inventory:

Hand Weapons
 a - a +0 war axe
 E - the +3 hand axe of Valour (weapon) {flame, Str+4 SInv Stlth-}
   (Trog gifted it to you on level 8 of the Dungeon)

   It burns those it strikes, dealing additional fire damage.
   Big, fiery blades are also staple armaments of hydra-hunters.
   Str:       It affects your strength (+4).
   SInv:      It lets you see invisible.
   Stlth:     It makes you less stealthy.
Missiles
 e - 195 stones (quivered)
 i - 17 poisoned darts
 u - 8 throwing nets
Armour
 c - +1 acid dragon scales (worn)
 B - a +1 cloak
 H - a +0 plate armour
 J - a scarf of shadows (worn)
 R - a +2 pair of boots (worn)
Jewellery
 d - a ring of flight
 f - a ring of resist corrosion (left hand)
 z - a ring of poison resistance
 D - a +4 ring of evasion (right hand)
 I - an amulet of regeneration (around neck)
 U - a +6 ring of strength
Wands
 j - a wand of polymorph (5)
 n - a wand of charming (5)
 w - a wand of iceblast (18)
 Q - a wand of flame (3)
 V - a wand of digging (6)
Scrolls
 b - a scroll of amnesia {unknown}
 g - a scroll of blinking
 h - 2 scrolls of fear {unknown}
 k - 9 scrolls of identify
 m - 3 scrolls of summoning
 o - 6 scrolls of enchant armour
 r - a scroll of noise {unknown}
 s - 4 scrolls of fog {unknown}
 t - 4 scrolls of teleportation
 v - 2 scrolls of magic mapping {unknown}
 y - 2 scrolls of enchant weapon {unknown}
 A - 2 scrolls of brand weapon {unknown}
 C - a scroll of immolation {unknown}
 L - 2 scrolls of silence {unknown}
 M - a scroll of torment {unknown}
Potions
 l - a potion of cancellation
 p - 2 potions of attraction
 q - a potion of lignification
 x - 3 potions of flight
 K - 2 potions of curing
 N - a potion of berserk rage {unknown}
 O - 2 potions of magic {unknown}
 P - a potion of resistance {unknown}
 S - 3 potions of ambrosia {unknown}
 T - 2 potions of haste {unknown}
 W - 2 potions of invisibility {unknown}
 X - a potion of might
Miscellaneous
 Z - a piece from Xom's chessboard (15/15)


   Skills:
 + Level 21.2 Fighting
 - Level 16.0 Axes
 * Level 5.2 Armour
 - Level 2.1 Dodging
 + Level 2.2 Evocations


You had 12 spell levels left.
You didn't know any spells.
Your spell library was empty.

Dungeon Overview and Level Annotations

Branches:
Dungeon (14/15)            Temple (0/1) D:4            Lair (0/6) D:9
    Orc (0/2) D:9          Vaults (0/5) D:13

Altars:
Elyvilon
Qazlal

Shops:
D:1 ?   D:9 =   D:10 ?   D:11 !   D:13 !

Portals:
Gauntlet: D:14


Innate Abilities, Weirdness & Mutations

You have a pair of horns on your head.
You reflexively headbutt those who attack you in melee.


Message History

The vampire mosquito bites you but does no damage.
The centaur warrior shoots an arrow.
The arrow hits you!
* * * LOW HITPOINT WARNING * * *
Unknown command.
The vampire mosquito barely misses you.
The centaur warrior shoots an arrow.
The arrow hits you.
* * * LOW HITPOINT WARNING * * *
The purple ugly thing basks in the mutagenic energy from its kin and changes!
The centaur warrior shoots an arrow.
The arrow hits you!!
* * * LOW HITPOINT WARNING * * *
The vampire mosquito misses you. You furiously retaliate!
You headbutt the vampire mosquito, but do no damage.
The vampire mosquito barely misses you. You furiously retaliate!
You headbutt the vampire mosquito, but do no damage.
A red ugly thing comes into view.
The purple ugly thing basks in the mutagenic energy from its kin and changes!
The red ugly thing gurgles horribly!
You hear a horrible gurgling sound!
The vampire mosquito bites you but does no damage.
The vampire mosquito bites you.
* * * LOW HITPOINT WARNING * * *
The vampire mosquito draws strength from your injuries!
The vampire mosquito barely misses you. You furiously retaliate!
You headbutt the vampire mosquito!
The manticore flicks its tail.
The volley of spikes hits you but does no damage.
The vampire mosquito bites you but does no damage. x2
There is a stone staircase leading up here.
The vampire mosquito closely misses you.
The vampire mosquito barely misses you.
The vampire mosquito completely misses you.
The manticore flicks its tail.
The volley of spikes hits you.
The barbed spikes become lodged in your body.
* * * LOW HITPOINT WARNING * * *
The vampire mosquito closely misses you.
The white ugly thing basks in the mutagenic energy from its kin and changes!
The manticore flicks its tail.
The volley of spikes hits you!
The barbed spikes become lodged in your body.
You die...

#.. #.# #### #.#
...##.# #### #.##
#..#.##.....
#....#####.#....#...
.#..)†.....@......#
#....†)...Huuy......
##........ucy......#
....<....u.u.......#
##........?..../...#
.!.................#
..........#......#..
....#..>.#.∩....#..
......#........#


You could see 5 ugly things, a centaur warrior, a manticore and 2 vampire
mosquitoes.

Vanquished Creatures
  5 vault guards (D:13)
  Harold (D:10)
  A boulder beetle (D:8)
  An ogre mage (D:13)
  3 centaur warriors
  A death yak (D:9)
  Erica (D:11)
  6 two-headed ogres
  A deep elf knight (D:13)
  A wizard (D:13)
  Pikel (D:4)
  6 deep elf pyromancers
  An ugly thing (D:13)
  4 manticores
  A cyclops (D:8)
  A salamander (shapeshifter) (D:8)
  Maurice (D:12)
  Maggie (D:7)
  Psyche (D:12)
  2 unseen horrors
  An efreet (D:13)
  A yaktaur (D:13)
  4 trolls
  A hornet (D:9)
  10 slime creatures (D:12)
  Sigmund (D:5)
  2 wraiths
  Eustachio (D:5)
  11 yaks
  A human (D:13)
  A wyvern (D:9)
  3 steam dragons (D:8)
  10 vampire mosquitoes
  A basilisk (D:9)
  3 water moccasins
  5 acid dragons
  An ice beast (D:7)
  A sky beast (D:8)
  7 orc warriors
  7 ogres
  2 black bears
  9 centaurs
  3 lemures (D:4)
  2 kobold brigands (D:10)
  Blork the orc (D:4)
  3 gnoll sergeants
  2 bullfrogs
  2 wyvern zombies
  A water moccasin skeleton (D:5)
  5 killer bees (D:9)
  A wight (D:8)
  3 howler monkeys
  A bullfrog zombie (D:6)
  6 crimson imps (D:7)
  3 hounds
  2 jellies
  10 orc priests
  2 bullfrog skeletons
  4 iguanas
  Ijyb (D:5)
  22 orc wizards
  2 killer bee zombies
  A hound skeleton (D:4)
  Robin (D:4)
  19 gnolls
  2 howler monkey zombies
  5 adders
  3 white imps (D:7)
  An ufetubus (D:4)
  An adder zombie (D:5)
  3 worms
  54 orcs
  3 ball pythons
  8 endoplasms
  3 giant cockroaches (D:1)
  12 goblins
  9 hobgoblins
  8 jackals (D:1)
  5 quokkas
  8 bats
  A frilled lizard (D:1)
  10 kobolds
  3 rats
359 creatures vanquished.

Vanquished Creatures (others)
  55 plants
55 creatures vanquished.

Grand Total: 414 creatures vanquished

Notes
Turn   | Place    | Note
-------+----------+-------------------------------------------
     0 | D:1      | septik the Minotaur Berserker began the quest for the Orb.
     0 | D:1      | Reached XP level 1. HP: 19/19 MP: 0/0
   101 | D:1      | Reached XP level 2. HP: 24/26 MP: 1/1
   747 | D:1      | Reached skill level 5 in Axes
   798 | D:1      | Found a faded altar of an unknown god.
   854 | D:1      | Found Astruot's Magic Scroll Emporium.
   954 | D:1      | Reached XP level 3. HP: 29/31 MP: 2/2
  1261 | D:2      | Reached ** piety under Trog
  1381 | D:2      | Found a white marble altar of Elyvilon.
  1922 | D:3      | Reached XP level 4. HP: 34/39 MP: 3/3
  2754 | D:4      | Noticed Blork the orc
  2764 | D:4      | Killed Blork the orc
  2765 | D:4      | Reached XP level 5. HP: 45/45 MP: 4/4
  2849 | D:4      | Found a staircase to the Ecumenical Temple.
  2850 | D:4      | Noticed a lemure
  2850 | D:4      | Noticed a lemure
  2851 | D:4      | Noticed a lemure
  2860 | D:4      | Killed a lemure
  2862 | D:4      | Killed a lemure
  2865 | D:4      | Killed a lemure
  3086 | D:4      | Noticed a lemure
  3088 | D:4      | Noticed Pikel
  3097 | D:4      | Killed Pikel
  3098 | D:4      | Reached skill level 10 in Axes
  3098 | D:4      | Reached XP level 6. HP: 33/51 MP: 5/5
  3098 | D:4      | Reached XP level 7. HP: 37/57 MP: 6/6
  3301 | D:4      | Noticed Robin
  3311 | D:4      | Killed Robin
  3399 | D:4      | Reached *** piety under Trog
  4513 | D:5      | Entered Level 5 of the Dungeon
  4568 | D:5      | Noticed Sigmund
  4624 | D:5      | Killed Sigmund
  4625 | D:5      | Reached XP level 8. HP: 64/64 MP: 7/7
  5280 | D:5      | Noticed Ijyb
  5285 | D:5      | Killed Ijyb
  5308 | D:5      | Noticed Eustachio
  5406 | D:5      | Killed Eustachio
  6677 | D:7      | Reached XP level 9. HP: 70/70 MP: 8/8
  6718 | D:7      | Noticed Maggie
  6726 | D:7      | Killed Maggie
  6748 | D:7      | Reached **** piety under Trog
  6749 | D:7      | Reached skill level 15 in Axes
  7571 | D:6      | Reached ***** piety under Trog
  7759 | D:6      | Reached skill level 4 in Fighting
  8078 | D:7      | Reached skill level 5 in Fighting
  8452 | D:7      | Found a stormy altar of Qazlal.
  8517 | D:8      | Reached skill level 6 in Fighting
  8919 | D:8      | Reached skill level 7 in Fighting
  9095 | D:8      | Reached XP level 10. HP: 73/86 MP: 9/9
  9441 | D:8      | Reached skill level 8 in Fighting
 10107 | D:8      | Noticed a cyclops
 10116 | D:8      | Identified the +3 hand axe of Valour {flame, Str+4 SInv
                  | Stlth-} (Trog gifted it to you on level 8 of the Dungeon)
 10116 | D:8      | Received a gift from Trog
 10119 | D:8      | Killed a cyclops
 10119 | D:8      | Noticed a salamander
 10120 | D:8      | Reached skill level 9 in Fighting
 10126 | D:8      | Noticed a boulder beetle
 10132 | D:8      | Killed a salamander
 10133 | D:8      | Reached skill level 10 in Fighting
 10431 | D:8      | Killed a boulder beetle
 10432 | D:8      | Reached skill level 11 in Fighting
 10832 | D:9      | Found a staircase to the Lair.
 10833 | D:9      | Noticed a death yak
 10843 | D:9      | Reached skill level 12 in Fighting
 10843 | D:9      | Killed a death yak
 10941 | D:9      | Reached XP level 11. HP: 106/106 MP: 10/10
 10978 | D:9      | Paralysed by a hornet for 3 turns
 10985 | D:9      | Reached skill level 13 in Fighting
 11985 | D:9      | Reached skill level 14 in Fighting
 12079 | D:9      | Found Boupyleg's Jewellery Emporium.
 12180 | D:9      | Bought an amulet of regeneration for 450 gold pieces
 12329 | D:9      | Found a staircase to the Orcish Mines.
 12458 | D:10     | Entered Level 10 of the Dungeon
 12666 | D:10     | Found Cacwor's Magic Scroll Shoppe.
 12670 | D:10     | Bought a scroll of teleportation for 30 gold pieces
 12670 | D:10     | Bought a scroll of identify for 20 gold pieces
 12670 | D:10     | Bought a scroll of identify for 20 gold pieces
 12670 | D:10     | Bought a scroll of identify for 20 gold pieces
 12670 | D:10     | Bought a scroll of identify for 20 gold pieces
 12719 | D:10     | Noticed a two-headed ogre
 12724 | D:10     | Killed a two-headed ogre
 12725 | D:10     | Reached skill level 15 in Fighting
 12796 | D:10     | Noticed Harold
 12802 | D:10     | Killed Harold
 13218 | D:10     | Noticed a two-headed ogre
 13223 | D:10     | Killed a two-headed ogre
 13399 | D:11     | Found Ithrass's Distillery.
 13542 | D:11     | Reached skill level 16 in Fighting
 13625 | D:11     | Noticed Erica
 13632 | D:11     | Killed Erica
 14031 | D:11     | Noticed a two-headed ogre
 14037 | D:11     | Killed a two-headed ogre
 14130 | D:11     | Reached skill level 17 in Fighting
 14161 | D:11     | Noticed a two-headed ogre
 14184 | D:11     | Killed a two-headed ogre
 14185 | D:11     | Reached XP level 12. HP: 125/125 MP: 11/11
 14359 | D:12     | Noticed a two-headed ogre
 14366 | D:12     | Killed a two-headed ogre
 14549 | D:12     | Noticed Maurice
 14558 | D:12     | Reached skill level 18 in Fighting
 14562 | D:12     | Killed Maurice
 15072 | D:12     | Noticed Psyche
 15078 | D:12     | Killed Psyche
 15379 | D:12     | Reached skill level 19 in Fighting
 15719 | D:13     | Noticed a vault guard
 15721 | D:13     | Noticed a two-headed ogre
 15735 | D:13     | Killed a two-headed ogre
 15905 | D:13     | Found Qoerutet's Distillery.
 15922 | D:13     | Noticed a vault guard
 15934 | D:13     | Noticed an ogre mage
 15935 | D:13     | Noticed a vault guard
 15940 | D:13     | Reached skill level 20 in Fighting
 15942 | D:13     | HP: 6/199 [vault guard (27)]
 15947 | D:13     | Killed a vault guard
 15947 | D:13     | Killed an ogre mage
 16079 | D:13     | Killed a vault guard
 16148 | D:13     | Found a gate to the Vaults.
 16148 | D:13     | Noticed a vault guard
 16148 | D:13     | Noticed a vault guard
 16156 | D:13     | Killed a vault guard
 16157 | D:13     | Reached XP level 13. HP: 141/141 MP: 12/12
 16239 | D:13     | Reached skill level 21 in Fighting
 16665 | D:13     | Reached skill level 1 in Evocations
 16973 | D:14     | Reached skill level 5 in Armour
 16975 | D:14     | Found a gate leading to a gauntlet.
 16985 | D:14     | HP: 4/143 [manticore/volley of spikes (6)]
 16985 | D:14     | Killed from afar by a manticore

Illustrated notes

Levels and vault maps discovered:
D:1:      kilobyte_arrival_exit_the_forest, layout_basic, serial_shops, shop,
          shapermc_ecumenical_altar_mp_vishouse, st_stairs_1
D:2:      layout_loops_ring, basic_altar, grunt_ministairs_9,
          minmay_pentomino_z4
D:3:      layout_loops_ring
D:4:      wad_woods_tower, layout_basic, minmay_temple_entry_crystal_x,
          uniq_blork_the_orc, uniq_robin, uniq_pikel
D:5:      layout_rooms, uniq_sigmund, uniq_eustachio, uniq_ijyb
D:6:      layout_cave_pods, minmay_a_box_with_orc_wizards_in_it
D:7:      layout_cave_pools, kennysheep_mini_moat,
          minmay_misc_feat_secret_circle, serial_bayou_pond_a, minmay_nine_imps,
          uniq_maggie
D:8:      minmay_chambers_of_sevens, layout_layer_cave,
          kennysheep_generic_room_14
D:9:      lemuel_ogre_cave, layout_irregular_city, david_lair_generic,
          david_orc_4, serial_shops, shop
D:10:     layout_roguey, serial_shops, nicolae_shop_advertising_works
          [nicolae_subvault_shop_adworks], uniq_harold
D:11:     layout_rooms, serial_shops, nicolae_shop_window_shopping,
          minmay_misc_feat_rugged, kennysheep_generic_room_7, uniq_erica
D:12:     layout_layer_cave, uniq_maurice, uniq_psyche
D:13:     layout_loops_ring, grunt_vaults_entry_fortified, serial_shops,
          nicolae_shop_hallway_plus
D:14:     layout_rooms, gauntlet_entry_generic, bh_walls_and_bars, uniq_snorg

Skill      XL: |  1  2  3  4  5  6  7  8  9 10 11 12 13 |
---------------+----------------------------------------+-----
Axes           | 4 5 7 10 11 14 16 | 16.0
Fighting       | 7 12 17 20 21 | 21.2
Armour         | 5 |  5.2
Evocations     | 2 |  2.2
Dodging        | |  2.1

Action                   |  1- 3 |  4- 6 |  7- 9 | 10-12 | 13-15 || total
-------------------------+-------+-------+-------+-------+-------++-------
Melee: Hand axe          |    34 |       |       |   334 |    58 ||   426
       Headbutt          |    10 |     6 |    44 |   118 |    21 ||   199
       War axe           |    45 |    53 |   311 |    65 |       ||   474
Invok: Berserk           |       |     3 |    10 |    22 |     2 ||    37
       Trog's Hand       |       |       |     1 |     5 |       ||     6
  Use: Potion            |       |       |     6 |       |       ||     6
       Scroll            |       |       |     3 |     3 |     1 ||     7
Armor: Animal skin       |     8 |       |       |       |       ||     8
       Ring mail         |    16 |     1 |       |       |       ||    17
       Chain mail        |       |    33 |    82 |       |       ||   115
       Acid dragon scale |       |       |    40 |    87 |    40 ||   167
Dodge: Dodged            |    58 |    24 |   116 |   151 |    55 ||   404

Table legend: (Time is in decaauts)
 A = Elapsed time spent in this place.
 B = Non-inter-level travel time spent in this place.
 C = Inter-level travel time spent in this place.
 D = Time resting spent in this place.
 E = Time spent auto-exploring this place.
 F = Levels seen in this place.
 G = Mean time per level.
                   A        B        C        D        E       F      G
               +--------+--------+--------+--------+--------+-----+--------+
         Total |  17141 |  16629 |    512 |   3889 |  10383 |  14 | 1224.4 |
       Dungeon |  17141 |  16629 |    512 |   3889 |  10383 |  14 | 1224.4 |
               +--------+--------+--------+--------+--------+-----+--------+

Top non-repeatable levels by time:
     D:8: 2438 daAuts
     D:4: 2254 daAuts
     D:6: 1735 daAuts
     D:9: 1529 daAuts
    D:12: 1378 daAuts
    D:13: 1230 daAuts
     D:1: 1210 daAuts
    D:10: 1016 daAuts
     D:5: 1010 daAuts
    D:11: 958 daAuts
     D:7: 897 daAuts
     D:3: 749 daAuts
     D:2: 715 daAuts
    D:14: 16 daAuts
